Map: Orbital Shipyard

Players

lesha - Winner!

  • Race: Terran Terran
  • League: Silver

Wunderwaffe

  • Race: Terran Terran

VOD

Have the link to the VOD?

Description

Time

  • Played on: Dec. 18, 2015, 9:44 p.m.
  • Length: 24:36
Show
View Real Time Build Order
Export as new Build Order

lesha Terran - Winner!

Build Orders: Liberator Opening 

Get SALT Encoding   

  12  0:01  SCV  
  13  0:13  SCV  
  14  0:19  Supply Depot  
  14  0:25  SCV  
  15  0:40  SCV  
  15  0:42  Barracks  
  16  0:53  SCV  
  17  0:58  Refinery  
  17  1:05  SCV  
  18  1:17  SCV  
  19  1:31  Marine  
  20  1:35  Command Center  
  20  1:38  Orbital Command  
  20  1:57  Supply Depot, Marine  
  22  2:08  SCV  
  22  2:17  Factory  
  22  2:20  SCV  
  22  2:21  Refinery  
  23  2:24  Marine  
  24  2:32  SCV  
  25  2:44  SCV  
  25  2:46  Marine  
  25  2:50  Orbital Command  
  27  2:56  SCV  
  28  3:04  Starport  
  28  3:05  Factory Reactor  
  28  3:08  Marine  
  28  3:09  SCV  
  30  3:16  Supply Depot  
  30  3:17  Supply Depot  
  30  3:18  SCV  
  31  3:21  SCV  
  32  3:29  Marine  
  32  3:30  SCV  
  32  3:33  SCV  
  35  3:35  Liberator  
  35  3:40  Liberator  
  35  3:42  SCV  
  35  3:45  SCV  
  37  3:53  Supply Depot  
  43  4:11  Marine  
  43  4:15  Hellion  
  46  4:21  SCV x2  
  48  4:29  Marine  
  49  4:33  SCV x2  
  51  4:45  SCV x2  
  53  4:46  Medivac x2  
  57  4:57  SCV x2  
  49  5:28  SCV x2  
  50  5:40  SCV x2  
  52  5:43  Barracks  
  52  5:45  Barracks x2  
  52  5:46  Barracks  
  52  5:49  Barracks  
  52  5:59  SCV x2  
  54  6:11  SCV x2  
  46  6:23  SCV x2  
  42  6:40  Marine x6  
  37  6:57  Marine  
  16  7:34  Marine x3  
  16  7:35  Marine x3  
  22  7:38  Viking  
  22  7:39  Viking  
  17  7:52  Marine x5  
  17  7:53  Marine  
  19  8:10  Marine x5  
  19  8:11  Marine  
  24  8:18  SCV  
  25  8:21  SCV  
  26  8:28  Marine x6  
  26  8:30  SCV  
  26  8:33  SCV  
  27  8:42  SCV  
  27  8:45  SCV, Marine  
  27  8:46  Medivac x2, Marine x3  
  37  8:49  Hellion  
  37  8:54  SCV  
  40  8:57  SCV  
  40  9:01  Marine x2  
  42  9:03  Marine x2  
  42  9:04  Marine x2  
  42  9:06  SCV  
  42  9:09  SCV  
  48  9:10  Hellion  
  50  9:18  SCV, Marine  
  50  9:19  Marine  
  48  9:56  Marine x5  
  49  10:00  SCV x2  
  51  10:12  SCV x2  
  51  10:13  Marine  
  51  10:14  Marine x4  
  39  10:24  SCV x2  
  41  10:31  Marine x2  
  41  10:32  Marine x2  
  45  10:41  Marine  
  43  10:49  Marine x4  
  45  10:57  Medivac  
  45  10:58  Marine, Medivac  
  50  11:04  SCV  
  50  11:05  SCV  
  50  11:07  Marine x4  
  56  11:16  Marine  
  56  11:17  SCV x2  
  59  11:25  Marine x4  
  58  11:29  SCV x2  
  52  11:34  Marine  
  42  11:42  Marine  
  42  11:43  Marine  
  42  12:08  Marine x5  
  45  12:22  SCV x2  
  47  12:26  Marine x5  
  48  12:43  Marine  
  43  14:45  SCV x2  
  44  14:57  Command Center, SCV x2  
  46  15:09  SCV x2  
  49  15:21  SCV, Marine  
  49  15:22  Marine x4  
  49  15:25  SCV  
  55  15:33  SCV  
  56  15:37  SCV  
  56  15:39  Marine x2  
  59  15:45  SCV  
  60  15:50  SCV  
  59  15:57  SCV  
  59  16:02  SCV  
  60  16:09  SCV  
  60  16:14  SCV  
  61  16:31  Marine  
  61  16:32  Marine x3  
  45  17:17  SCV x2  
  47  17:26  Marine x3  
  47  17:27  Marine x2  
  47  17:29  SCV x2  
  43  17:44  Marine x4  
  47  17:51  Viking x2  
  47  17:56  SCV  
  47  17:57  SCV x2  
  54  18:09  SCV x3  
  31  18:51  Viking x2  
  31  18:53  Barracks Reactor x3  
  31  18:54  Barracks Reactor  
  31  18:55  Barracks Reactor  
  30  19:23  SCV  
  31  19:34  Barracks x2  
  31  19:35  SCV, Barracks  
  31  19:38  Barracks  
  28  19:47  SCV, Viking  
  28  19:48  Viking  
  33  19:55  Marine x5  
  33  19:56  Marine x5  
  33  19:59  SCV  
  37  20:13  Marine x4  
  32  20:26  Barracks  
  30  20:39  Marine  
  30  20:40  Marine x7  
  30  20:41  Marine x2  
  35  20:51  SCV x3  
  38  20:57  Marine x2  
  38  20:58  Barracks Reactor x2, Marine x5  
  38  21:03  Medivac  
  41  21:25  Marine x4  
  41  21:26  Marine x5  
  39  21:51  Marine  
  39  21:52  Marine x7  
  39  21:53  Marine  
  46  22:36  Command Center  
  43  22:48  Marine x4  
  43  22:49  Marine  
  41  23:34  Marine  
  41  23:35  Marine x2  
  41  23:36  Marine x4  
  48  23:42  Marine  
  48  23:43  Marine x2  
  51  23:52  Marine  
  51  23:53  Marine x3  
  55  23:56  Viking  
Show
View Real Time Build Order
Export as new Build Order

Wunderwaffe Terran 

Build Orders:  

Get SALT Encoding   

  12  0:01  SCV  
  13  0:16  Supply Depot  
  13  0:37  SCV  
  14  0:49  SCV, Barracks  
  15  0:59  Refinery  
  15  1:02  SCV  
  16  1:14  SCV  
  17  1:26  SCV  
  18  1:50  Barracks Reactor  
  18  1:57  Barracks  
  18  1:58  SCV  
  19  2:02  Barracks  
  18  2:16  Barracks  
  18  2:26  Reaper x2  
  20  2:32  SCV  
  20  2:33  Refinery  
  21  2:37  Command Center  
  21  2:44  SCV  
  21  2:50  Marine  
  23  3:05  Supply Depot  
  23  3:26  SCV, Reaper x3  
  27  3:33  Factory  
  27  3:38  Marine  
  27  3:39  SCV  
  29  3:53  Supply Depot  
  29  4:09  SCV  
  30  4:13  SCV  
  30  4:15  Refinery  
  30  4:16  Widow Mine  
  31  4:21  SCV  
  31  4:22  Starport  
  34  4:25  SCV, Reaper  
  36  4:45  Widow Mine  
  36  4:51  Liberator  
  38  5:24  Starport  
  38  5:25  Reaper x2  
  37  5:37  SCV  
  38  5:49  SCV  
  39  5:56  Starport Reactor  
  37  6:01  SCV, Liberator  
  29  6:14  SCV  
  31  6:26  SCV  
  32  6:37  Marine  
  32  6:38  Marine x2  
  35  6:44  Liberator  
  34  6:51  Refinery  
  33  6:55  Marine  
  36  7:18  Liberator  
  36  7:40  SCV  
  37  7:47  Marine  
  38  7:52  SCV  
  38  8:01  Liberator x2  
  36  8:11  Barracks, Marine x3  
  42  8:29  Marine  
  43  8:39  Marine x2  
  42  8:44  Liberator  
  42  8:45  SCV  
  42  8:47  Marine  
  42  8:57  SCV  
  44  9:09  SCV  
  45  9:21  SCV  
  43  9:32  Marine x4  
  43  9:33  SCV  
  48  9:47  Widow Mine  
  48  9:50  Marine  
  51  10:08  Liberator x3  
  39  10:16  Widow Mine  
  39  10:18  Marine x2  
  39  10:19  Marine x2  
  41  10:44  Widow Mine  
  40  10:51  Liberator x2  
  40  10:59  Marine  
  40  11:00  Marine x3  
  44  11:07  SCV  
  44  11:08  Medivac  
  53  11:17  Marine  
  54  11:24  Marine  
  54  11:27  Marine  
  54  11:32  SCV  
  49  11:44  SCV  
  48  11:56  SCV  
  52  12:15  Marine x2  
  38  12:47  Factory  
  38  12:49  Factory  
  37  12:52  Supply Depot  
  37  13:00  Marine  
  37  13:05  Starport Reactor  
  38  13:16  Supply Depot  
  38  13:18  Marine  
  38  13:36  Widow Mine x2  
  38  13:39  Supply Depot  
  39  13:42  Starport x2  
  36  14:09  Factory Reactor  
  38  14:11  Factory Reactor  
  38  14:15  Command Center  
  34  14:48  Starport Reactor  
  34  14:49  Starport Reactor  
  34  14:51  Hellion  
  34  14:52  Hellion x3  
  42  14:57  Barracks Reactor  
  42  14:58  Engineering Bay  
  42  15:08  Liberator x2  
  42  15:09  Liberator x2  
  42  15:10  Supply Depot  
  42  15:12  Widow Mine x2  
  42  15:16  Starport Reactor  
  39  15:22  Hellion x2  
  55  15:34  Supply Depot  
  55  15:57  Liberator x2  
  51  16:04  Liberator  
  51  16:15  Marine  
  51  16:16  Marine  
  57  16:24  SCV  
  57  16:57  Medivac  
  56  17:19  Marine x2  
  58  17:30  SCV  
  59  17:37  Marine x2  
  59  17:42  SCV  
  59  17:54  SCV  
  59  17:55  Marine x2  
  62  18:13  Marine  
  60  18:20  Liberator x2  
  56  18:36  Liberator  
  56  18:37  Liberator  
  56  18:38  Marine  
  56  18:39  Marine  
  62  18:56  Marine x2  
  64  19:03  Liberator  
  62  19:14  Marine x2  
  63  19:18  Terran Infantry Weapons Level 1  
  66  19:32  Marine x2  
  60  19:59  Liberator x2  
  57  20:14  Marine x2  
  61  20:33  Hellion x4  
  59  20:53  Marine x2  
  61  21:11  Marine  
  52  21:19  Refinery  
  44  21:32  Marine  
  44  21:33  Marine  
  46  21:42  SCV  
  45  21:50  Marine x2  
  50  21:54  SCV  
  51  22:02  Liberator x3  
  51  22:03  Liberator  
  51  22:07  SCV  
  48  22:22  Widow Mine  
  48  22:23  Widow Mine  
  52  22:41  Refinery  
  52  22:48  Refinery  
  52  22:51  Refinery  
  52  23:02  Viking  
  44  23:25  Hellion x2  
  24  23:55  Widow Mine  
Tags
 
Add a new tag
Caveats
  • Supply blocks, unpowered buildings, or Contaminate may cause inaccurate times.
  • Supply counts are checked every 10 seconds.